 Dungeon Crawl Stone Soup version 0.30-a0-1043-g60ff8d5f49 (webtiles) character file.

Game seed: 15188800876367434402

16682 mandoloar the Martial Artist (level 12, -1/100 HPs)
             Began as an Octopode Transmuter on Apr 11, 2023.
             Was an Initiate of Gozag.
             Slain by a black mamba (7 damage)
             ... on level 2 of the Lair of Beasts.
             The game lasted 00:45:53 (17225 turns).

mandoloar the Martial Artist (Octopode Transmuter) Turns: 17225, Time: 00:45:54

Health: -1/100     AC:  8    Str: 10    XL:     12   Next: 40%
Magic:  19/24      EV: 13    Int: 19    God:    Gozag
Gold:   1678       SH:  5    Dex: 13    Spells: 21/27 levels left

rFire   + . .      SeeInvis +      - Unarmed
rCold   + + +      Faith    .    a - melded +3 buckler of the Devil's Advocate {rPois Will+ Int+6}
rNeg    . . .      Spirit   .    (helmet currently unavailable)
rPois   +          Reflect  +    m - amulet of reflection
rElec   .          Rampage  .    n - ring of poison resistance
rCorr   .                        v - ring of see invisible
Will    .....                    y - ring of protection from fire
Stlth   +++                      D - ring of protection from cold
HPRegen 0.36/turn                g - ring of protection from fire
MPRegen 0.19/turn                (no ring)
                                 (no ring)
                                 (no ring)

@: lethally poisoned (-1 -> -8), ice-form, wereblooded, gold aura
A: freezing attack, boosted hp, almost no armour, amphibious, 8 rings, large,
(camouflage 1), (gelatinous body 1), (nimble swimmer 1), (tentacles)
a: End Transformation, Renounce Religion, Potion Petition, Call Merchant, Bribe
Branch


You were on level 2 of the Lair of Beasts.
You worshipped Gozag.
Gozag was most pleased with you.
You were a creature of crystalline ice.
You visited 3 branches of the dungeon, and saw 13 of its levels.

You collected 2384 gold pieces.
You paid 706 gold pieces to Gozag.

Inventory:

Missiles
 f - 13 boomerangs (quivered)
Armour
 a - the +3 buckler of the Devil's Advocate (melded) {rPois Will+ Int+6}
   (You acquired it on level 2 of the Dungeon)

   Int:       It affects your intelligence (+6).
   rPois:     It protects you from poison.
   Will:      It increases your willpower.
Jewellery
 g - a ring of protection from fire (on tentacle)
 m - an amulet of reflection (around neck)
 n - a ring of poison resistance (left front paw)
 v - a ring of see invisible (right front paw)
 y - a ring of protection from fire (on tentacle)
 D - a ring of protection from cold (on tentacle)
Wands
 d - a wand of roots (5)
 q - a wand of charming (21)
 r - a wand of acid (8)
 G - a wand of flame (9)
Scrolls
 c - 8 scrolls of immolation
 h - 2 scrolls of silence
 j - 4 scrolls of fear
 k - 3 scrolls of fog
 o - 3 scrolls of teleportation
 s - a scroll of magic mapping
 t - 3 scrolls of vulnerability
 w - 2 scrolls of enchant armour
 A - a scroll of blinking
 C - a scroll of amnesia
 E - a scroll of enchant weapon {unknown}
 H - 5 scrolls of identify
Potions
 b - a potion of mutation
 e - 3 potions of brilliance
 i - 2 potions of magic
 l - 7 potions of curing
 p - 6 potions of attraction
 u - 2 potions of might {unknown}
 x - 3 potions of heal wounds {unknown}
 z - a potion of berserk rage {unknown}
 B - 2 potions of flight {unknown}
 J - a potion of experience {unknown}


   Skills:
 + Level 8.6 Fighting
 + Level 8.6 Dodging
 - Level 7.0 Stealth
 + Level 9.1 Unarmed Combat
 + Level 8.0 Spellcasting
 + Level 8.6 Transmutations
 - Level 5.0 Ice Magic


You had 21 spell levels left.
You knew the following spells:

 Your Spells              Type           Power      Damage    Failure   Level
b - Wereblood             Tmut           40%        N/A       1%          2
c - Ice Form              Ice/Tmut       33%        N/A       5%          4

Your spell library contained the following spells:

 Spells                   Type           Power      Damage    Failure   Level
 Beastly Appendage        Tmut           80%        N/A       1%          1
 Passwall                 Tmut/Erth      19%        N/A       2%          2
 Frozen Ramparts          Ice            52%        1d8       3%          3
 Spider Form              Tmut/Pois      23%        N/A       4%          3
 Blade Hands              Tmut           20%        N/A       8%          5
 Apportation              Tloc           14%        N/A       9%          1
 Sandblast                Erth           14%        2d6       9%          1
 Hailstorm                Conj/Ice       17%        3d6       10%         3
 Blink                    Tloc           14%        N/A       14%         2
 Lesser Beckoning         Tloc           14%        N/A       14%         2
 Momentum Strike          Conj/Tloc      14%        3d8       14%         2
 Portal Projectile        Hex/Tloc       14%        N/A       26%         3
 Stone Arrow              Conj/Erth      14%        3d7       26%         3
 Summon Guardian Golem    Hex/Summ       7%         N/A       26%         3
 Tukima's Dance           Hex            7%         N/A       26%         3
 Vhi's Electric Charge    Tloc/Air       14%        N/A       26%         3
 Summon Ice Beast         Ice/Summ       17%        N/A       32%         4
 Alistair's Intoxication  Tmut/Pois      15%        N/A       41%         5
 Arcjolt                  Conj/Air       3%         1d13      94%         5
 Summon Mana Viper        Hex/Summ       7%         N/A       94%         5
 Monstrous Menagerie      Summ           3%         N/A       100%        7
 Orb of Destruction       Conj           3%         9d5       100%        7
 Spellforged Servitor     Conj/Summ      3%         N/A       100%        7
 Maxwell's Capacitive Co  Air            3%         ∞         100%        8
 Simulacrum               Ice/Necr       Unusable   N/A       N/A         6

Dungeon Overview and Level Annotations

Branches:
Dungeon (10/15)            Temple (1/1) D:5            Lair (2/5) D:8
    Orc (0/2) D:9
  Swamp: Lair:2-3    Shoals: Lair:2-3     Snake: Lair:2-3    Spider: Lair:2-3

Altars:
Ashenzari
Cheibriados
Dithmenos
Elyvilon
Fedhas
Gozag
Hepliaklqana
Kikubaaqudgha
Makhleb
Nemelex Xobeh
Okawaru
Qazlal
Ru
Sif Muna
Trog
Uskayaw
Vehumet
Wu Jian
Xom
Yredelemnul
Zin
The Shining One

Shops:
D:10 *

Annotations:
D:8 3 runed translucent doors, Tangent's ghost, novice TeAE
Lair:2 3 runed translucent doors, Fanus's ghost, journeyman MiFi


Innate Abilities, Weirdness & Mutations

You are a creature of crystalline ice.
You have a powerful freezing melee attack.
Your maximum health is increased.
Your armour is entirely melded.
You are incapable of wielding weapons or throwing items.
You cannot wear most types of armour.
You are amphibious.
You can wear up to eight rings at the same time.
((Your skin changes colour to match your surroundings (Stealth+).))
((Your rubbery body absorbs attacks. (AC +1, EV +1)))
((You are camouflaged when in or above water. (Stealth+)))
((You have tentacles for arms and can constrict up to eight enemies at once.))


Message History

You are too injured to fight recklessly!
You are too injured to fight recklessly!
You are too injured to fight recklessly!
The bullfrog gives a loud, deep croak!
You punch the black mamba!
The black mamba seems to slow down.
You freeze the black mamba.
The black mamba is moderately wounded.
The black mamba barely misses you.
You hit the black mamba but do no damage.
The black mamba is moderately wounded.
The black mamba bites you.
The komodo dragon hisses menacingly.
The black mamba bites you!
You are poisoned.
The black mamba poisons you!
You punch the black mamba!
The black mamba seems to slow down.
You freeze the black mamba.
The black mamba is severely wounded.
You feel very sick.
Casting: Wereblood (safe; 1% risk of failure)
Confirm with . or Enter, or press ? or * to list all spells.
You extend your transformation's duration.
You feel very sick. The black mamba closely misses you.
The black mamba barely misses you.
You hit the black mamba.
The black mamba seems to slow down.
You freeze the black mamba.
The black mamba is almost dead.
You feel very sick. You block the black mamba's attack.
You hit the black mamba. You freeze the black mamba.
The black mamba is almost dead.
You feel sick. The black mamba bites you!
* * * LOW HITPOINT WARNING * * *
You closely miss the black mamba.
The black mamba is almost dead.
You howl as the wereblood boils in your veins!
* * * LOW HITPOINT WARNING * * *
You feel sick. The black mamba bites you!
You die...
Your body crumbles into a pile of gold.

..^................##<.........#
...P..##.##.#.....$...........##
.....# ## ####...$........#P##
..... #..####......### .... #
#..##.......## ....
#.####.########...# #.#.#..#
#.......# .? #..#.##
............ ....#..#Y.##...
.....).. #..lS##....###+++###
#.##l####..#.... #.#..#..#....
#.......#.# .# #. ##.......#.#
W# h#. $##........#.##.##.#.
#.........#..(=($.# .
$##.#.......# ..F...#..


You could see 2 komodo dragons and a black mamba (slow).

Vanquished Creatures
  A hydra (D:10)
  2 two-headed ogres (D:10)
  Pikel (D:5)
  A black mamba (Lair:2)
  3 cane toads (Lair:2)
  2 rime drakes (Lair:1)
  2 komodo dragons
  4 kobold demonologists
  A polar bear (Lair:1)
  2 trolls
  Prince Ribbit (D:7)
  Sigmund (D:3)
  A wraith (D:9)
  3 wyverns
  28 yaks
  A basilisk (Lair:2)
  5 steam dragons
  3 vampire mosquitoes (D:10)
  Menkaure (D:5)
  3 water moccasins
  3 orc warriors
  2 ice beasts
  2 black bears
  A wolf (D:7)
  2 centaurs
  4 lemures (D:5)
  3 kobold brigands
  3 bullfrogs
  6 scorpions
  3 gnoll sergeants
  10 wights
  8 killer bees
  3 electric eels (D:8)
  A jelly (D:6)
  9 hounds
  7 orc priests
  Terence (D:3)
  4 iguanas
  7 orc wizards
  Robin (D:3)
  10 adders
  21 gnolls
  A shadow imp (D:8)
  2 worms
  4 dart slugs
  44 orcs
  6 bats
  12 endoplasms
  7 giant cockroaches
  19 goblins
  13 hobgoblins
  8 jackals
  27 kobolds
  4 quokkas
  6 ball pythons
  5 frilled lizards
  7 rats
342 creatures vanquished.

Vanquished Creatures (others)
  An orc wizard (D:3)
  12 fungi (Lair:2)
  19 plants
32 creatures vanquished.

Grand Total: 374 creatures vanquished

Notes
Turn   | Place    | Note
-------+----------+-------------------------------------------
     0 | D:1      | mandoloar the Octopode Transmuter began the quest for the
                  | Orb.
     0 | D:1      | Reached XP level 1. HP: 13/13 MP: 3/3
   265 | D:1      | Reached XP level 2. HP: 16/18 MP: 3/5
   294 | D:1      | Learned a level 2 spell: Wereblood
   747 | D:1      | Reached XP level 3. HP: 23/23 MP: 4/6
   785 | D:1      | Reached skill level 1 in Ice Magic
  1476 | D:2      | Reached XP level 4. HP: 26/29 MP: 5/7
  1481 | D:2      | Learned a level 4 spell: Ice Form
  2493 | D:3      | Noticed Robin
  2503 | D:2      | Reached XP level 5. HP: 19/34 MP: 4/8
  2786 | D:3      | Noticed Sigmund
  2903 | D:2      | Identified a scroll of acquirement
  2903 | D:2      | Acquired the +3 buckler of the Devil's Advocate {rPois
                  | Will+ Int+6}
  3179 | D:3      | Killed Sigmund
  3180 | D:3      | Reached XP level 6. HP: 41/41 MP: 2/10
  3271 | D:3      | Killed Robin
  3278 | D:3      | Reached skill level 4 in Unarmed Combat
  3670 | D:3      | Reached XP level 7. HP: 35/46 MP: 2/11
  3807 | D:3      | Noticed Terence
  3843 | D:3      | Killed Terence
  5111 | D:4      | Found a sacrificial altar of Ru.
  5274 | D:4      | Noticed a +0 short sword
  5275 | D:4      | Noticed a +0 dagger
  5275 | D:4      | Noticed a +0 falchion
  5275 | D:4      | Noticed a +0 spear
  5275 | D:4      | Noticed a +0 spear
  5276 | D:4      | Noticed a +0 dagger
  5276 | D:4      | Noticed a +0 short sword
  5276 | D:4      | Noticed a +0 falchion
  5297 | D:4      | Found a hide-covered altar of Uskayaw.
  5508 | D:4      | Reached XP level 8. HP: 54/54 MP: 8/13
  5552 | D:4      | Found a hazy altar of Hepliaklqana.
  5552 | D:4      | Found a radiant altar of Vehumet.
  5553 | D:4      | Found a white marble altar of Elyvilon.
  5597 | D:4      | Found an opulent altar of Gozag.
  5823 | D:5      | Entered Level 5 of the Dungeon
  5973 | D:4      | Became a worshipper of Gozag Ym Sagoz the Greedy
  6014 | D:5      | Found a sparkling altar of Nemelex Xobeh.
  6014 | D:5      | Noticed Pikel
  6068 | D:5      | Killed Pikel
  6069 | D:5      | Reached skill level 5 in Unarmed Combat
  6279 | D:5      | Reached XP level 9. HP: 59/59 MP: 10/15
  6515 | D:5      | Noticed Menkaure
  6527 | D:5      | Killed Menkaure
  6859 | D:5      | Reached skill level 5 in Dodging
  6962 | D:5      | Found a staircase to the Ecumenical Temple.
  7000 | Temple   | Entered the Ecumenical Temple
  7292 | D:5      | Reached skill level 5 in Transmutations
  7440 | D:5      | Found an iron altar of Okawaru.
  7683 | D:6      | Reached skill level 5 in Fighting
  8105 | D:6      | Reached skill level 6 in Unarmed Combat
  8113 | D:6      | Reached skill level 5 in Spellcasting
  8412 | D:6      | Reached skill level 5 in Ice Magic
  8612 | D:7      | Noticed Prince Ribbit
  8697 | D:7      | Killed Prince Ribbit
  8919 | D:7      | Reached XP level 10. HP: 64/68 MP: 18/18
  9572 | D:8      | Found a runed translucent gate.
  9572 | D:8      | Found a runed translucent gate.
  9955 | D:8      | Found a staircase to the Lair.
  9958 | D:8      | HP: 3/81 [electric eel/bolt of electricity (11)]
 10534 | D:8      | Reached skill level 7 in Unarmed Combat
 10715 | D:8      | Reached skill level 1 in Stealth
 11344 | D:8      | Found a runed translucent gate.
 11345 | D:8      | Noticed a spectral unseen horror
 11351 | D:8      | Noticed Tangent's ghost (novice TeAE)
 11354 | D:8      | Found a burning altar of Makhleb.
 11428 | D:8      | Noticed a kobold demonologist
 11430 | D:8      | Noticed a kobold demonologist
 11430 | D:8      | Noticed a kobold demonologist
 11443 | D:8      | Killed a kobold demonologist
 11455 | D:8      | Noticed a rust devil
 11457 | D:8      | Killed a kobold demonologist
 11468 | D:8      | Killed a kobold demonologist
 11966 | D:9      | Found a staircase to the Orcish Mines.
 11982 | D:9      | HP: 3/82 [orc warrior/+2 hand axe of freezing (10)]
 12516 | D:9      | Noticed a kobold demonologist
 12542 | D:9      | Noticed a sun demon
 12542 | D:9      | Killed a kobold demonologist
 12543 | D:9      | Reached XP level 11. HP: 72/75 MP: 11/20
 13454 | D:10     | Entered Level 10 of the Dungeon
 13454 | D:10     | Noticed a two-headed ogre
 13454 | D:10     | Noticed a five-headed hydra
 13461 | D:10     | Killed a five-headed hydra
 13462 | D:10     | Reached skill level 5 in Stealth
 13537 | D:10     | Killed a two-headed ogre
 13538 | D:10     | Reached skill level 8 in Unarmed Combat
 13916 | D:10     | Noticed a two-headed ogre
 13929 | D:10     | Killed a two-headed ogre
 15221 | Lair:1   | Entered Level 1 of the Lair of Beasts
 15374 | Lair:1   | Reached XP level 12. HP: 82/82 MP: 19/23
 16644 | Lair:2   | Found a stormy altar of Qazlal.
 16861 | Lair:2   | Found a runed translucent gate.
 16866 | Lair:2   | Found a runed translucent gate.
 16867 | Lair:2   | Found a runed translucent gate.
 16875 | Lair:2   | Noticed Fanus's ghost (journeyman MiFi)
 17172 | Lair:2   | Reached skill level 9 in Unarmed Combat
 17225 | Lair:2   | Slain by a black mamba

Illustrated notes

Levels and vault maps discovered:
D:1:      roderic_crop_circles_arrival_small, layout_loops_ring,
          minmay_pentomino_w4
D:2:      layout_loops_corners, grunt_ministairs_6, minmay_strange_pillars,
          roderic_lattice_a, wander_ebering_terrifying_dragon_lair
D:3:      layout_basic, uniq_terence, uniq_sigmund, uniq_robin
D:4:      layout_cave_pools, nicolae_uskayaw_en_pointe,
          chequers_temple_overflow_statue_of_worship, grunt_gozag_breadcrumbs
D:5:      layout_basic, mainiacjoe_overflow_catwalk, okawaru_altar_gauntlet_db,
          minmay_temple_entry_waves, cheibrodos_gnoll_hut, uniq_menkaure,
          uniq_pikel
D:6:      layout_rooms, minmay_crossroads
D:7:      layout_rooms, uniq_prince_ribbit1
D:8:      layout_rooms, bloody_makhleb, erik_lair_island,
          gammafunk_ghost_necromancy, corner_web_ring
D:9:      layout_basic, david_orc_5, enter_bailey_7
D:10:     layout_stronghold, kennysheep_another_room
Temple:   nicolae_temple_figure_eight
Lair:1:   layout_small_grid
Lair:2:   cheibrodos_lair_river_kwai, layout_cave_pods,
          minmay_shoals_entry_beasts, gammafunk_ghost_split, basic_altar,
          minivault_19, beast_lair_carwin_9

Skill      XL: |  1  2  3  4  5  6  7  8  9 10 11 12 |
---------------+-------------------------------------+-----
Ice Magic      | 1 2 3 4 5 |  5.0
Fighting       | 2 3 4 5 7 8 |  8.6
Dodging        | 3 4 5 7 8 |  8.6
Spellcasting   | 3 4 5 6 7 8 |  8.0
Transmutations | 3 4 5 7 8 |  8.6
Unarmed Combat | 4 5 6 7 8 9 |  9.1
Stealth        | 4 7 |  7.0

Action                     |  1- 3 |  4- 6 |  7- 9 | 10-12 || total
---------------------------+-------+-------+-------+-------++-------
  Melee: Unarmed           |    97 |    99 |   270 |   487 ||   953
         Tentacles         |    12 |    12 |     8 |     7 ||    39
         Constrict         |    22 |    18 |    11 |     5 ||    56
         Kick              |    26 |    24 |    12 |       ||    62
         Punch             |       |     3 |       |     1 ||     4
  Throw: Boomerang         |       |     3 |    13 |    26 ||    42
   Cast: Beastly Appendage |    26 |    19 |    16 |       ||    61
         Wereblood         |     2 |     4 |    14 |    27 ||    47
         Ice Form          |       |     4 |    37 |    52 ||    93
 Invoke: Call Merchant     |       |       |       |     1 ||     1
    Use: Scroll            |     4 |     5 |    10 |     4 ||    23
         Potion            |       |     1 |       |       ||     1
   Stab: Sleeping          |     4 |     4 |     1 |     1 ||    10
         Distracted        |       |       |       |     2 ||     2
 Armour: Skin              |    10 |    15 |    76 |   105 ||   206
  Dodge: Dodged            |    68 |    53 |   125 |   210 ||   456
  Block: Buckler           |       |     7 |     6 |    11 ||    24
         Other             |       |       |    14 |    83 ||    97
         Reflection        |       |       |     1 |     2 ||     3

Table legend: (Time is in decaauts)
 A = Elapsed time spent in this place.
 B = Non-inter-level travel time spent in this place.
 C = Inter-level travel time spent in this place.
 D = Time resting spent in this place.
 E = Time spent auto-exploring this place.
 F = Levels seen in this place.
 G = Mean time per level.
                   A        B        C        D        E       F      G
               +--------+--------+--------+--------+--------+-----+--------+
         Total |  17153 |  15999 |   1154 |   3152 |   9998 |  13 | 1319.5 |
       Dungeon |  14926 |  13906 |   1020 |   2989 |   8320 |  10 | 1492.6 |
        Temple |    232 |    208 |     24 |      0 |    205 |   1 |  232.0 |
          Lair |   1993 |   1883 |    110 |    163 |   1473 |   2 |  996.5 |
               +--------+--------+--------+--------+--------+-----+--------+

Top non-repeatable levels by time:
     D:2: 2232 daAuts
     D:9: 1998 daAuts
     D:8: 1650 daAuts
    D:10: 1507 daAuts
     D:5: 1505 daAuts
     D:3: 1421 daAuts
  Lair:1: 1366 daAuts
     D:7: 1351 daAuts
     D:4: 1315 daAuts
     D:1: 1088 daAuts
     D:6: 857 daAuts
  Lair:2: 627 daAuts
  Temple: 232 daAuts
